Match 41983813
Unlisted

Match 41983813
End
Construct Section Command Post
Selects Canadian Shock Battlegroup
Infantry Section
Vickers Machine Gun Team
Infantry Section
Infantry Section
Selects Offensive Resupply
Grenade Package
Construct Platoon Command Post
Selects Canadian Shock Section
Selects Incendiary Munitions
Construct Field Infirmary
6-pounder Anti-tank Gun Team
Selects Pyrotechnics
Dullahan
Aerohank
0
0

Comments sign in to comment!

No comments posted yet!